 Dungeon Crawl Stone Soup version 0.29-a0-459-g97dee8cd24 (webtiles) character file.

Game seed: 9548667166665282366

28039 greenreed the Severer (level 13, -8/175 HPs)
             Began as a Hill Orc Monk on May 21, 2022.
             Was a Priest of Beogh (penitent).
             Mangled by an 18-headed hydra (10 damage)
             ... on level 14 of the Dungeon.
             The game lasted 01:07:07 (13803 turns).

greenreed the Severer (Hill Orc Monk)              Turns: 13803, Time: 01:07:08

Health: -8/175     AC: 27    Str: 19    XL:     13   Next: 36%
Magic:  22/22      EV:  8    Int: 12    God:    Beogh [***...]
Gold:   906        SH:  0    Dex: 13    Spells: 12/12 levels left

rFire   . . .      SeeInvis .   t - +0 battleaxe (elec)
rCold   . . .      Faith    +   (shield currently unavailable)
rNeg    . . .      Spirit   .   V - +0 plate armour
rPois   .          Reflect  .   x - +0 helmet
rElec   .          Harm     .   o - +0 cloak
rCorr   .          Rampage  .   P - +2 pair of gloves
Will    .....                   h - +0 pair of boots
Stlth   ..........              s - amulet of faith
HPRegen 0.39/turn               S - ring of flight
MPRegen 0.18/turn               F - ring "Moqot" {AC+4 Int+2}

@: berserking, flying, hasted, very quick
A: no striking features
a: Renounce Religion


You were on level 14 of the Dungeon.
You worshipped Beogh.
Beogh was demanding penance.
You visited 1 branch of the dungeon, and saw 14 of its levels.

You collected 906 gold pieces.

Inventory:

Hand Weapons
 t - a +0 battleaxe of electrocution (weapon)
 D - a +4 war axe
Missiles
 B - 6 silver javelins (quivered)
 L - 57 poisoned darts
 R - 8 curare-tipped darts
Armour
 h - a +0 pair of boots (worn)
 i - a +0 buckler
 o - a +0 cloak (worn)
 x - a +0 helmet (worn)
 P - a +2 pair of gloves (worn)
 V - a +0 plate armour (worn)
Jewellery
 f - a +4 ring of evasion
 k - a ring of positive energy
 q - an amulet of regeneration
 s - an amulet of faith (around neck)
 y - a ring of protection from cold
 C - a ring of resist corrosion
 F - the ring "Moqot" (right hand) {AC+4 Int+2}
   (You found it on level 4 of the Dungeon)

   [ring of protection]

   AC:        It affects your AC (+4).
   Int:       It affects your intelligence (+2).
 H - a ring of protection from cold
 I - a ring of ice
 O - a ring of protection from fire
 S - a ring of flight (left hand)
 X - a ring of fire
Wands
 b - a wand of iceblast (8)
 v - a wand of acid (28)
 A - a wand of polymorph (4)
 W - a wand of flame (38)
Scrolls
 a - 2 scrolls of vulnerability {unknown}
 g - 5 scrolls of teleportation
 j - 2 scrolls of fog
 l - 3 scrolls of blinking
 m - 3 scrolls of magic mapping {unknown}
 p - 2 scrolls of fear
 u - 4 scrolls of poison
 z - 2 scrolls of noise {unknown}
 G - a scroll of torment {unknown}
 J - a scroll of silence {unknown}
 N - a scroll of enchant weapon {unknown}
 T - a scroll of enchant armour {unknown}
 Z - 2 scrolls of summoning {unknown}
Potions
 c - a potion of ambrosia
 d - 2 potions of flight {unknown}
 e - 3 potions of haste
 n - a potion of berserk rage
 w - 4 potions of brilliance {unknown}
 E - 6 potions of curing
 K - a potion of invisibility {unknown}
 M - 3 potions of mutation {unknown}
 Q - 2 potions of cancellation {unknown}
 Y - a potion of attraction {unknown}


   Skills:
 + Level 11.8 Fighting
 + Level 18.3 Axes
 - Level 2.4 Throwing
 + Level 11.1 Armour
 + Level 4.1 Dodging
 - Level 1.8 Stealth
 * Level 12.1 Invocations


You had 12 spell levels left.
You didn't know any spells.
Your spell library contained the following spells:

 Spells                   Type           Power      Damage    Failure   Level
 Foxfire                  Conj/Fire      0%         2x1d4     99%         1
 Blink                    Tloc           0%         N/A       100%        2
 Ensorcelled Hibernation  Hex/Ice        0%         N/A       100%        2
 Passwall                 Tmut/Erth      0%         N/A       100%        2
 Confusing Touch          Hex            0%         N/A       100%        3
 Conjure Flame            Conj/Fire      0%         6-21      100%        3
 Inner Flame              Hex/Fire       0%         N/A       100%        3
 Lesser Beckoning         Tloc           0%         N/A       100%        3
 Mephitic Cloud           Conj/Pois/Air  0%         N/A       100%        3
 Ozocubu's Armour         Ice            0%         N/A       100%        3
 Stone Arrow              Conj/Erth      0%         3d7       100%        3
 Swiftness                Air            0%         N/A       100%        3
 Animate Armour           Summ/Erth      0%         N/A       100%        4
 Flame Wave               Conj/Fire      0%         2d4       100%        4
 Petrify                  Tmut/Erth      0%         N/A       100%        4
 Manifold Assault         Tloc           0%         N/A       100%        5
 Yara's Violent Unravell  Hex/Tmut       0%         3d3       100%        5
 Conjure Ball Lightning   Conj/Air       0%         3x3d6     100%        6
 Statue Form              Tmut/Erth      0%         N/A       100%        6
 Enfeeble                 Hex            0%         N/A       100%        7
 Ozocubu's Refrigeration  Ice            0%         4d5       100%        7
 Storm Form               Tmut/Air       0%         N/A       100%        7
 Lehudib's Crystal Spear  Conj/Erth      0%         10d2      100%        8


Dungeon Overview and Level Annotations

Branches:
Dungeon (14/15)            Temple (0/1) D:6            Lair (0/6) D:11
    Orc (0/2) D:9          Vaults (0/5) D:13

Altars:
Ashenzari
Beogh

Shops:
D:12 :


Message History

You hack one of the 14-headed hydra's heads off!
The 13-headed hydra grows two more!
You slash the 15-headed hydra!
Lightning courses through the 15-headed hydra!
The 15-headed hydra is severely wounded.
The 15-headed hydra bites you but does no damage. x8
The 15-headed hydra closely misses you.
The 15-headed hydra bites you but does no damage. x2
The 15-headed hydra closely misses you. The 15-headed hydra barely misses you.
The 15-headed hydra bites you but does no damage.
The 15-headed hydra barely misses you.
You hack one of the 15-headed hydra's heads off!
The 14-headed hydra grows two more!
You slash the 16-headed hydra!
The 16-headed hydra is severely wounded.
Unknown command.
You chop one of the 16-headed hydra's heads off!
The 15-headed hydra grows two more!
You slash the 17-headed hydra!
The 17-headed hydra is almost dead.
The 17-headed hydra bites you but does no damage. x2
The 17-headed hydra bites you.
* * * LOW HITPOINT WARNING * * *
The 17-headed hydra barely misses you.
The 17-headed hydra bites you but does no damage.
The 17-headed hydra barely misses you. x2
The 17-headed hydra bites you but does no damage. x6
The 17-headed hydra bites you.
* * * LOW HITPOINT WARNING * * *
The 17-headed hydra bites you but does no damage.
The 17-headed hydra bites you.
* * * LOW HITPOINT WARNING * * *
The 17-headed hydra bites you.
* * * LOW HITPOINT WARNING * * *
You barely miss the 17-headed hydra.
The 17-headed hydra is severely wounded.
Unknown command.
You lop one of the 17-headed hydra's heads off!
The 16-headed hydra grows two more!
You slash the 18-headed hydra!
The 18-headed hydra is severely wounded.
The 18-headed hydra bites you but does no damage.
The 18-headed hydra bites you!
You die...

#.##...####....#
..........#....#
...............#
#..#..(........# .
#..#...........######
.. #.
#####.......#....#...
# #.............$...
#.................
#####.....@.......
#....#D...#...
......#....# ##
..#....#......
..######....#...
#....#... #....# ..
#....#


You could see a 18-headed hydra.

Vanquished Creatures
  Rupert (D:12)
  Nessos (D:13)
  Azrael (D:12)
  A boulder beetle (D:13)
  2 catoblepae (D:13)
  4 centaur warriors
  A two-headed ogre (D:13)
  A tengu warrior (D:13)
  Sonja (D:12)
  A deep elf pyromancer (D:12)
  3 deep elf zephyrmancers
  2 manticores
  An orc knight (D:13)
  2 cyclopes
  Joseph (D:8)
  2 gargoyles (D:12)
  An unseen horror (D:12)
  A kobold demonologist (D:12)
  2 tengu conjurers (D:13)
  A komodo dragon (D:12)
  4 trolls
  2 hornets
  A water elemental (D:13)
  A shadow (D:11)
  2 wraiths
  6 fire elementals (D:12)
  16 humans (D:13)
  7 yaks
  A steam dragon (D:8)
  3 vampire mosquitoes (D:13)
  2 wargs (D:9)
  4 acid dragons
  A hell hound (D:12)
  A water moccasin (D:6)
  2 black bears
  5 orc warriors
  A sky beast (D:7)
  3 ogres
  14 centaurs
  A phantom (D:5)
  A kobold brigand (D:9)
  A bullfrog (D:6)
  5 scorpions
  A necrophage (D:4)
  A gnoll sergeant (D:9)
  2 wights (D:9)
  5 killer bees
  An electric eel (D:13)
  3 orc priests
  A gnoll shaman (D:6)
  5 hounds
  6 iguanas
  7 orc wizards
  Robin (D:3)
  13 gnolls
  6 adders
  A shadow imp (D:4)
  3 worms
  A dart slug (D:5)
  34 orcs
  6 ball pythons
  3 bats
  9 endoplasms
  3 giant cockroaches
  12 goblins
  6 hobgoblins
  6 jackals
  5 quokkas
  4 frilled lizards
  17 kobolds
  4 rats
280 creatures vanquished.

Vanquished Creatures (collateral kills)
  2 two-headed ogres
  2 cyclopes
  2 gargoyles (D:11)
  2 kobold demonologists (D:12)
  4 trolls
  4 yaks (D:9)
  A wraith (D:11)
  A vampire (D:10)
  A fire elemental (D:12)
  A warg (D:9)
  An acid dragon (D:9)
  An orc warrior (D:10)
  A black bear (D:8)
  3 centaurs
  4 kobold brigands
  A gnoll sergeant (D:11)
  2 wights (D:9)
  4 killer bees (D:10)
  5 howler monkeys
  An orc priest (D:10)
  An orc wizard (D:9)
  5 gnolls
  An orc (D:7)
  8 kobolds
58 creatures vanquished.

Vanquished Creatures (others)
  2 orc knights (D:12)
  A cyclops (D:12)
  2 yaks (D:12)
  2 orc warriors
  An orc wizard (D:11)
  An orc priest (D:5)
  A shadow imp (D:7)
  10 orcs
  3 fungi (D:7)
  17 plants (D:7)
40 creatures vanquished.

Grand Total: 378 creatures vanquished

Notes
Turn   | Place    | Note
-------+----------+-------------------------------------------
     0 | D:1      | greenreed the Hill Orc Monk began the quest for the Orb.
     0 | D:1      | Reached XP level 1. HP: 19/19 MP: 1/1
    41 | D:1      | You fall into a shaft and drop 1 floor!
    98 | D:2      | Reached XP level 2. HP: 12/27 MP: 2/2
   863 | D:1      | Reached XP level 3. HP: 33/33 MP: 3/3
  1746 | D:2      | Reached skill level 5 in Axes
  1767 | D:2      | Reached XP level 4. HP: 28/41 MP: 4/4
  1819 | D:2      | Reached skill level 1 in Armour
  2142 | D:2      | Found a roughly hewn altar of Beogh.
  2149 | D:2      | Reached XP level 5. HP: 47/47 MP: 5/5
  2182 | D:2      | Found a faded altar of an unknown god.
  2415 | D:3      | Found a broken altar of Ashenzari.
  2481 | D:3      | Reached skill level 6 in Axes
  2538 | D:3      | Noticed Robin
  2561 | D:3      | Killed Robin
  2607 | D:3      | Got the Reference Book on the Rocks and Lightness
  3029 | D:4      | Identified the ring "Moqot" {AC+4 Int+2}
  3139 | D:4      | Reached XP level 6. HP: 55/55 MP: 6/6
  3226 | D:4      | Reached skill level 5 in Fighting
  3618 | D:4      | Reached skill level 7 in Axes
  3730 | D:4      | Noticed a black bear
  3745 | D:4      | Killed a black bear
  3885 | D:5      | Entered Level 5 of the Dungeon
  3909 | D:5      | Reached XP level 7. HP: 61/61 MP: 7/7
  3935 | D:5      | Became a worshipper of Beogh the Brigand
  3935 | D:5      | Reached * piety under Beogh
  3935 | D:5      | Reached ** piety under Beogh
  4010 | D:5      | Reached skill level 8 in Axes
  4010 | D:5      | Reached skill level 1 in Invocations
  4269 | D:5      | Reached XP level 8. HP: 50/69 MP: 9/9
  4485 | D:5      | Reached skill level 9 in Axes
  4980 | D:6      | Found a staircase to the Ecumenical Temple.
  5008 | D:6      | Found a runed translucent door.
  5083 | D:6      | Reached *** piety under Beogh
  5084 | D:6      | Reached skill level 5 in Armour
  5120 | D:6      | Found a roughly hewn altar of Beogh.
  5375 | D:6      | Reached skill level 10 in Axes
  5396 | D:6      | Reached XP level 9. HP: 77/78 MP: 12/12
  5544 | D:6      | Reached skill level 5 in Invocations
  6296 | D:7      | Reached skill level 11 in Axes
  6341 | D:7      | Noticed a deep elf zephyrmancer
  6358 | D:7      | Killed a deep elf zephyrmancer
  6516 | D:8      | Gained Orkwin as an ally
  6617 | D:8      | Noticed Joseph
  6629 | D:8      | Killed Joseph
  6630 | D:8      | Reached skill level 12 in Axes
  6630 | D:8      | Reached XP level 10. HP: 52/88 MP: 13/15
  7227 | D:9      | Reached **** piety under Beogh
  7462 | D:9      | Gained Bogbrand as an ally
  7574 | D:9      | Reached skill level 13 in Axes
  7617 | D:9      | Noticed a two-headed ogre
  7625 | D:9      | Killed a two-headed ogre
  7821 | D:9      | Found a staircase to the Orcish Mines.
  8090 | D:10     | Entered Level 10 of the Dungeon
  8425 | D:10     | Reached skill level 14 in Axes
  8838 | D:11     | Reached XP level 11. HP: 61/97 MP: 17/17
  8890 | D:11     | Found a staircase to the Lair.
  9025 | D:11     | Noticed a cyclops
  9031 | D:11     | Killed a cyclops
  9227 | D:11     | Reached ***** piety under Beogh
  9233 | D:11     | Noticed a two-headed ogre
  9243 | D:11     | Killed a two-headed ogre
  9509 | D:11     | Noticed a cyclops
  9514 | D:11     | Killed a cyclops
  9515 | D:11     | Reached skill level 15 in Axes
  9747 | D:12     | Noticed a cyclops
  9755 | D:12     | Killed a cyclops
  9793 | D:12     | Noticed a sixfirhy
  9944 | D:12     | Noticed Rupert
  9944 | D:12     | Noticed a deep elf pyromancer
  9944 | D:12     | Noticed a cyclops
  9944 | D:12     | Noticed Azrael
  9949 | D:12     | Killed Azrael
  9954 | D:12     | Your ally Bogbrand died
  9961 | D:12     | Your ally Orkwin died
 10063 | D:12     | Noticed a manticore
 10083 | D:12     | Killed a manticore
 10091 | D:12     | Killed a cyclops
 10175 | D:12     | Noticed Sonja
 10185 | D:12     | Killed Sonja
 10186 | D:12     | Reached skill level 10 in Fighting
 10193 | D:13     | Noticed a tengu warrior
 10193 | D:13     | Noticed a two-headed ogre
 10193 | D:13     | Noticed an orc knight
 10193 | D:13     | Noticed Nessos
 10193 | D:13     | Found a gate to the Vaults.
 10514 | D:12     | Reached skill level 10 in Invocations
 10526 | D:12     | Reached XP level 12. HP: 104/106 MP: 19/19
 10715 | D:12     | Reached skill level 16 in Axes
 10981 | D:12     | Found Idipn's Book Emporium.
 11172 | D:12     | Killed Rupert
 11173 | D:12     | Reached skill level 1 in Throwing
 11277 | D:12     | Reached skill level 10 in Armour
 11444 | D:13     | Killed Nessos
 11446 | D:13     | Killed a tengu warrior
 11480 | D:13     | Killed a two-headed ogre
 11597 | D:13     | Noticed a catoblepas
 11609 | D:13     | Reached skill level 17 in Axes
 11618 | D:13     | Killed a catoblepas
 11720 | D:13     | Noticed a centaur warrior
 11729 | D:13     | Killed a centaur warrior
 11777 | D:13     | Reached XP level 13. HP: 116/116 MP: 21/21
 11922 | D:13     | Was placed under penance by Beogh
 12042 | D:13     | Reached skill level 18 in Axes
 13801 | D:14     | HP: 8/175 [17-headed hydra (3)]
 13801 | D:14     | HP: 2/175 [17-headed hydra (3)]
 13803 | D:14     | Mangled by an 18-headed hydra

Illustrated notes

Levels and vault maps discovered:
D:1:      wander_arrival_fairy_ring, layout_basic, serial_bayou_crossing
D:2:      layout_loops_ring, hellmonk_ecumenical_altar_defaced_shrine,
          grunt_ministairs_14
D:3:      layout_basic, evilmike_ruin_ashenzari, uniq_robin
D:4:      layout_loops_corners
D:5:      layout_basic, nicolae_fountain_basement
D:6:      layout_basic, minmay_temple_entry_junction, lightli_church_of_beogh
D:7:      layout_loops_cross, tgw_fedhas, guppyfry_early_elven_hall
D:8:      layout_loops_ring, uniq_joseph
D:9:      layout_stronghold, minmay_orc_entry_guard_dogs
D:10:     layout_irregular_city
D:11:     layout_irregular_city, lair_entry_dummy, chequers_mini_garden
D:12:     layout_basic, serial_shops, shop, uniq_rupert, uniq_azrael, uniq_sonja
D:13:     layout_basic, david_vaults_3, billiards_dpeg
D:14:     layout_grid_maze, serial_bayou_pond_a, grunt_gozag_statues

Skill      XL: |  1  2  3  4  5  6  7  8  9 10 11 12 13 |
---------------+----------------------------------------+-----
Fighting       | 4 5 6 7 9 10 11 | 11.8
Axes           | 5 6 7 8 10 12 14 15 17 18 | 18.3
Armour         | 1 2 3 4 5 7 9 10 11 | 11.1
Dodging        | 3 4 |  4.1
Invocations    | 2 4 6 8 10 11 12 | 12.1
Throwing       | 2 |  2.4
Stealth        | |  1.8

Action                   |  1- 3 |  4- 6 |  7- 9 | 10-12 | 13-15 || total
-------------------------+-------+-------+-------+-------+-------++-------
Melee: Hand axe          |   124 |   253 |   127 |       |       ||   504
       Punch             |     3 |     3 |     4 |     6 |       ||    16
       War axe           |       |       |   219 |   256 |       ||   475
       Battleaxe         |       |       |       |   149 |    85 ||   234
Throw: Throwing net      |       |       |       |     3 |       ||     3
       Dart              |       |       |       |     9 |       ||     9
       Javelin           |       |       |       |    12 |       ||    12
Invok: Convert to Beogh  |       |       |     1 |       |       ||     1
       Smiting           |       |       |     1 |    12 |     1 ||    14
       Give Item to Name |       |       |       |     1 |       ||     1
  Use: Scroll            |       |     9 |     4 |     3 |     2 ||    18
       Potion            |       |       |       |     2 |     7 ||     9
 Stab: Sleeping          |     3 |       |       |       |       ||     3
       Distracted        |       |       |       |     2 |       ||     2
       Petrified         |       |       |       |     2 |       ||     2
Armor: Robe              |     9 |       |       |       |       ||     9
       Chain mail        |    28 |   120 |   221 |     5 |       ||   374
       Plate armour      |       |       |       |   336 |   161 ||   497
Dodge: Dodged            |    67 |   153 |   242 |   217 |    71 ||   750

Table legend: (Time is in decaauts)
 A = Elapsed time spent in this place.
 B = Non-inter-level travel time spent in this place.
 C = Inter-level travel time spent in this place.
 D = Time resting spent in this place.
 E = Time spent auto-exploring this place.
 F = Levels seen in this place.
 G = Mean time per level.
                   A        B        C        D        E       F      G
               +--------+--------+--------+--------+--------+-----+--------+
         Total |  13710 |  12777 |    933 |   1132 |   8575 |  14 |  979.3 |
       Dungeon |  13710 |  12777 |    933 |   1132 |   8575 |  14 |  979.3 |
               +--------+--------+--------+--------+--------+-----+--------+

Top non-repeatable levels by time:
    D:13: 2269 daAuts
    D:12: 1630 daAuts
     D:2: 1465 daAuts
     D:6: 1180 daAuts
     D:4: 989 daAuts
     D:9: 953 daAuts
    D:11: 928 daAuts
     D:1: 921 daAuts
     D:5: 750 daAuts
    D:10: 718 daAuts
     D:8: 692 daAuts
     D:3: 625 daAuts
     D:7: 492 daAuts
    D:14: 93 daAuts
